 Dungeon Crawl Stone Soup version 0.19.4-9-g45fd643 (webtiles) character file.

142 imbaray the Skirmisher (level 5, 0/42 HPs)
             Began as a Human Berserker on Feb 17, 2017.
             Was a Believer of Trog.
             Slain by an orc wizard
             ... wielding a +0 dagger
              (4 damage)
             ... on level 3 of the Dungeon.
             The game lasted 00:07:42 (2506 turns).

imbaray the Skirmisher (Human Berserker)            Turns: 2506, Time: 00:07:43

Health: 0/42       AC:  5    Str: 17    XL:     5   Next: 49%
Magic:  5/5        EV: 10    Int:  7    God:    Trog [**....]
Gold:   88         SH:  7    Dex: 14    Spells: 0 memorised, 4 levels left

rFire  . . .     SeeInvis .     a - +0 hand axe
rCold  + . .     Gourm    .     s - +0 robe {rC+}
rNeg   . . .     Faith    .     l - +0 shield
rPois  .         Spirit   .     e - +2 hat
rElec  .         Reflect  .     (no cloak)
rCorr  .         Harm     .     (no gloves)
MR     .....                    n - +0 pair of boots
Stlth  +.........               (no amulet)
                                (no ring)
                                (no ring)

@: no status effects
A: no striking features
a: Berserk, Trog's Hand, Burn Spellbooks, Renounce Religion


You were on level 3 of the Dungeon.
You worshipped Trog.
Trog was pleased with you.
You were not hungry.

You visited 1 branch of the dungeon, and saw 3 of its levels.

You collected 88 gold pieces.

Inventory:

Hand Weapons
 a - a +0 hand axe (weapon)
 t - a +0 hand axe
Armour
 b - a +0 animal skin
 e - a +2 hat (worn)
 l - a +0 shield (worn)
 n - a +0 pair of boots (worn)
 o - a +0 helmet
 s - a +0 robe of cold resistance (worn)
 u - a +1 robe of fire resistance
Wands
 r - a wand of heal wounds (2/9)
Scrolls
 d - a scroll of magic mapping {unknown}
 f - a scroll of remove curse {unknown}
 k - 2 scrolls of identify {unknown}
Potions
 g - a potion of haste {unknown}
 h - a potion of curing
 i - a potion of heal wounds {unknown}
 j - a potion of flight {unknown}
 p - a potion of ambrosia {unknown}
 q - a potion of magic {unknown}
Comestibles
 c - 3 bread rations
 m - a meat ration
 v - 2 chunks of flesh


   Skills:
 + Level 3.9 Fighting
 + Level 3.6 Axes
 + Level 3.0 Armour
 + Level 3.2 Dodging
 + Level 0.6 Shields


You had 4 spell levels left.
You didn't know any spells.

Dungeon Overview and Level Annotations

Branches:
Dungeon (3/15)

Altars:
Qazlal


Message History

The orc hits you with a short sword of electrocution.
* * * LOW HITPOINT WARNING * * *
You completely miss the orc.
The orc hits you with a short sword of electrocution.
* * * LOW HITPOINT WARNING * * *
You hit the orc.
The orc is lightly wounded.
Your skin stops crawling.
You feel less resistant to hostile enchantments.
You block the orc's attack.
You hit the orc.
The orc is severely wounded.
The orc hits you with a short sword of electrocution.
* * * LOW HITPOINT WARNING * * *
You block the orc's attack.
You hit the orc.
You kill the orc!
Trog accepts your kill.
You barely miss the orc wizard. The orc wizard hits you with a dagger.
You die...

####.............†.....#
#.#####.#####.#####.# #.#
#.## #.# ### #.# #..# #.#
########## ##'###
##.####'###......... #....#
#.............#### #....#
#.............# #....#
##....).......# #....#
#.###@####'#### #....#
#..##o####[...###
###....######.##o#.........#
.................'.........#
####'#########.#.#.........#
##.....# #'#...o.......#
##.#.#.# . ............#
...<.#.# ........####'###
((.#.#.# #. ......# ..


You could see an orc wizard and an orc.

Vanquished Creatures
  An orc wizard (D:3)
  Robin (D:2)
  2 oozes (D:1)
  2 worms (D:2)
  3 dart slugs
  2 leopard geckos
  9 orcs (D:3)
  8 bats
  2 giant cockroaches
  13 goblins
  6 hobgoblins
  5 jackals (D:1)
  A ball python (D:1)
  2 frilled lizards
  10 kobolds
  5 rats
72 creatures vanquished.

Notes
Turn   | Place    | Note
-------+----------+-------------------------------------------
     0 | D:1      | imbaray the Human Berserker began the quest for the Orb.
     0 | D:1      | Reached XP level 1. HP: 18/18 MP: 1/1
    82 | D:1      | Reached XP level 2. HP: 20/24 MP: 2/2
   680 | D:1      | Reached XP level 3. HP: 25/29 MP: 3/3
   737 | D:1      | Reached ** piety under Trog
  1432 | D:2      | Reached XP level 4. HP: 37/37 MP: 4/4
  1511 | D:2      | Noticed Robin
  1524 | D:2      | Killed Robin
  1637 | D:2      | Found a stormy altar of Qazlal.
  1827 | D:3      | Reached XP level 5. HP: 33/42 MP: 5/5
  2482 | D:3      | HP: 2/42 [something/puff of flame (7)]
  2506 | D:3      | Slain by an orc wizard

Skill      XL: |  1  2  3  4  5 |
---------------+----------------+-----
Dodging        | 3 |  3.2
Armour         | 3 |  3.0
Fighting       | |  3.9
Axes           | |  3.6
Shields        | |  0.6

Action                   |  1- 3 |  4- 6 || total
-------------------------+-------+-------++-------
Melee: Hand axe          |   116 |   102 ||   218
Invok: Berserk           |     1 |     1 ||     2
       Trog's Hand       |       |     1 ||     1
  Use: Potion            |       |     1 ||     1
 Stab: Sleeping          |     2 |       ||     2
  Eat: Bread ration      |     1 |       ||     1
       Beef jerky        |       |     1 ||     1
       Chunk             |       |     2 ||     2
Armor: Animal skin       |    46 |    27 ||    73
       Robe              |       |    15 ||    15
Dodge: Dodged            |    91 |    65 ||   156
Block: Shield            |       |    29 ||    29
